 Dungeon Crawl Stone Soup version 0.31-a0-277-g31ea1f65cc (webtiles) character file.

Game seed: 11766353461633499403

25 Newt the Trooper (level 2, -4/24 HPs)
             Began as a Demonspawn Gladiator on July 16, 2023.
             Slain by a worm (10 damage)
             ... on level 2 of the Dungeon.
             The game lasted 00:00:27 (526 turns).

Newt the Trooper (Demonspawn Gladiator)              Turns: 526, Time: 00:00:28

Health: -4/24      AC:  3    Str: 14    XL:     2   Next: 86%
Magic:  2/2        EV: 12    Int:  9    God:
Gold:   80         SH:  0    Dex: 14    Spells: 1/1 levels left

rFire   . . .        g - +0 hand axe (heavy)
rCold   . . .        (no shield)
rNeg    . . .        b - +0 leather armour
rPois   .            (helmet restricted)
rElec   .            (no cloak)
rCorr   .            (no gloves)
SInv    .            (no boots)
Will    .....        (no amulet)
Stlth   +            (no ring)
HPRegen 0.24/turn    (no ring)
MPRegen 0.08/turn

%: no passive effects
@: no status effects
A: antennae 1
a: no special abilities


You were on level 2 of the Dungeon.
You visited 1 branch of the dungeon, and saw 2 of its levels.

You collected 80 gold pieces.

Inventory:

Hand Weapons
 a - a +0 rapier
 g - a +0 heavy hand axe (weapon)
Missiles
 d - 3 throwing nets (quivered)
 e - a javelin
Armour
 b - a +0 leather armour (worn)
 c - a +0 helmet
Scrolls
 f - 4 scrolls of identify {unknown}


   Skills:
 + Level 3.4 Fighting
 - Level 2.6 Short Blades
 - Level 1.7 Throwing
 - Level 2.6 Dodging


You had one spell level left.
You didn't know any spells.
Your spell library was empty.

Dungeon Overview and Level Annotations

Branches:
Dungeon (1/15)

Altars:


Innate Abilities, Weirdness & Mutations

You have a pair of small antennae on your head.


Message History

The endoplasm closely misses you.
You slash the endoplasm!
You kill the endoplasm!
No target in view!
You now have 80 gold pieces (gained 14).
A worm comes into view.
A worm is nearby!
A worm is nearby!
The worm bites you.
You hit the worm.
The worm is moderately wounded.
The worm barely misses you.
You hit the worm.
The worm is moderately wounded.
The worm barely misses you.
You hit the worm.
The worm is moderately wounded.
The worm bites you.
You slash the worm!
You kill the worm!
No target in view!
Unknown command.
No target in view!
Found 3 stones.
A worm comes into view.
A worm is nearby!
The worm bites you.
You barely miss the worm. The worm bites you!
You slash the worm!
The worm is heavily wounded.
The worm barely misses you.
You hit the worm.
The worm is heavily wounded.
The worm barely misses you.
You hit the worm.
The worm is almost dead.
The worm bites you!
* * * LOW HITPOINT WARNING * * *
The worm bites you!
You die...

#######
#.....###########
#.....##.........
##.##.###..##.##..
#..#...#####...#..
#####....#.......#....
#......#...#####...#..
#.###@###.## ##.##..
#w..#.# #.#... .####.#
#.#.(. .. #.# #.####
... #.# #.# .### ...
... .. .#. .#. .. . .
### #..


You could see a worm.

Vanquished Creatures
  An adder (D:2)
  A worm (D:2)
  2 ball pythons (D:2)
  3 endoplasms
  2 hobgoblins
  A quokka (D:1)
  A frilled lizard (D:1)
  A kobold (D:2)
  A rat (D:2)
13 creatures vanquished.

Notes
Turn   | Place    | Note
-------+----------+-------------------------------------------
     0 | D:1      | Newt the Demonspawn Gladiator began the quest for the Orb.
     0 | D:1      | Reached XP level 1. HP: 16/16 MP: 1/1
   263 | D:1      | You fall into a shaft and drop 1 floor!
   290 | D:2      | Reached skill level 3 in Fighting
   290 | D:2      | Gained mutation: You have a pair of small antennae on your
                  | head. [demonic ancestry]
   290 | D:2      | Reached XP level 2. HP: 21/24 MP: 2/2
   526 | D:2      | Slain by a worm

Illustrated notes

Levels and vault maps discovered:
D:1:      dpeg_arrival_court, layout_basic, serial_shops, shop
D:2:      layout_basic, ebering_dispersal_statue_hall,
          kennysheep_big_empty_room, minmay_misc_feat_tower

Skill      XL: |  1 |
---------------+----+-----
Fighting       | 3 |  3.4
Short Blades   | |  2.6
Throwing       | |  1.7
Dodging        | |  2.6

Action                     || total
---------------------------++-------
  Melee: Hand axe          ||    36
 Armour: Leather armour    ||    12
  Dodge: Dodged            ||    42

Table legend: (Time is in decaauts)
 A = Elapsed time spent in this place.
 B = Non-inter-level travel time spent in this place.
 C = Inter-level travel time spent in this place.
 D = Time resting spent in this place.
 E = Time spent auto-exploring this place.
 F = Levels seen in this place.
 G = Mean time per level.
                   A        B        C        D        E       F      G
               +--------+--------+--------+--------+--------+-----+--------+
         Total |    559 |    559 |      0 |    147 |    295 |   2 |  279.5 |
       Dungeon |    559 |    559 |      0 |    147 |    295 |   2 |  279.5 |
               +--------+--------+--------+--------+--------+-----+--------+

Top non-repeatable levels by time:
     D:2: 284 daAuts
     D:1: 275 daAuts
